 Dungeon Crawl Stone Soup version 0.32-a0-17-gb74e046682 (webtiles) character file.

Game seed: 13024878863457930863

4594 Turgor the Magician (level 10, -12/75 HPs)
             Began as a Djinni Hedge Wizard on Jan 15, 2024.
             Was an Initiate of Gozag.
             Mangled by an ogre
             ... wielding a +0 giant spiked club
              (32 damage)
             ... on level 8 of the Dungeon.
             The game lasted 00:52:47 (8747 turns).

Turgor the Magician (Djinni Hedge Wizard)           Turns: 8747, Time: 00:52:48

Health: -12/75     AC:  9    Str: 11    XL:     10   Next: 68%
Gold:   887        EV: 11    Int: 19    God:    Gozag SH:  0 Dex: 15

rFire   + + .        n - +10 dagger of the Wolf {pain, Dex+3}
rCold   x . .        (no shield)
rNeg    . . .        e - +0 ring mail
rPois   ∞            c - +0 hat
rElec   .            (no cloak)
rCorr   +            j - +2 pair of gloves
SInv    .            (boots unavailable)
Will    +....        (no amulet)
Stlth   +            v - ring of wizardry
HPRegen 0.32/turn    w - ring of resist corrosion
MPRegen 0.00/turn

%: wizardry (x1), infuse magic (-13 HP)
@: gold aura, flying
A: sickness immunity, fire resistance 2, cold vulnerability 1, float, innate
caster, HP casting, extra vitality 1
a: Renounce Religion, Potion Petition, Call Merchant, Bribe Branch


You were on level 8 of the Dungeon.
You worshipped Gozag.
Gozag was pleased with you.
You visited 2 branches of the dungeon, and saw 9 of its levels.

You collected 972 gold pieces.
You paid 85 gold pieces to Gozag.

Inventory:

Hand Weapons
 d - a +2 dagger of venom
 g - a +0 spectral broad axe
 n - the +10 dagger of the Wolf (weapon) {pain, Dex+3}
   (You found it on level 2 of the Dungeon)

   Dex+3:     It affects your dexterity (+3).
 t - a +2 short sword of venom
 K - the +1 quick blade of Yliona Yteg {freeze, ^Contam rF+ rC+++}
   (You acquired it on level 8 of the Dungeon)

   rF+:       It protects you from fire.
   rC+++:     It renders you almost immune to cold.
   ^Contam:   It causes magical contamination when unequipped.
Missiles
 u - 44 poisoned darts (quivered)
 y - 5 curare-tipped darts
 B - a throwing net
Armour
 b - a +0 robe
 c - a +0 hat (worn)
 e - a +0 ring mail (worn)
 j - a +2 pair of gloves (worn)
Jewellery
 v - a ring of wizardry (left hand)
 w - a ring of resist corrosion (right hand)
Wands
 F - a wand of mindburst (51)
 H - a wand of charming (13)
 I - a wand of polymorph (8)
Scrolls
 f - 2 scrolls of noise
 h - 2 scrolls of vulnerability
 l - 2 scrolls of enchant armour
 m - a scroll of amnesia {unknown}
 o - a scroll of fog {unknown}
 p - 3 scrolls of teleportation
 q - a scroll of immolation {unknown}
 s - a scroll of acquirement
 C - a scroll of revelation {unknown}
 D - a scroll of brand weapon
 E - a scroll of torment {unknown}
 L - a scroll of identify
Potions
 a - 4 potions of mutation
 i - 2 potions of curing
 k - 3 potions of ambrosia
 r - a potion of heal wounds
 x - a potion of resistance
 z - 2 potions of brilliance
 A - a potion of might
 G - a potion of berserk rage
 J - 2 potions of haste


   Skills:
 - Level 7.1 Fighting
 + Level 6.8 Short Blades
 + Level 5.5 Armour
 - Level 2.1 Dodging
 - Level 1.5 Stealth
 + Level 7.7 Spellcasting
 + Level 7.7 Conjurations
 + Level 7.7 Hexes
   Level 0.0 Charms
 + Level 7.7 Summonings
 + Level 7.7 Necromancy
 + Level 7.7 Translocations
   Level 0.0 Transmutations
 + Level 7.7 Fire Magic
 + Level 7.7 Ice Magic
 + Level 7.7 Air Magic
 + Level 7.7 Earth Magic
 + Level 7.7 Alchemy


You knew the following spells:

 Your Spells              Type           Power      Damage    Failure   Level
a - Magic Dart            Conj           100%       1d8       1%          1
b - Slow                  Hex            100%       N/A       1%          1
c - Blink                 Tloc           74%        N/A       1%          2
d - Call Imp              Summ           74%        N/A       1%          2
e - Mephitic Cloud        Conj/Alch/Air  37%        N/A       1%          3
f - Shock                 Conj/Air       100%       1d9       1%          1
g - Momentum Strike       Conj/Tloc      74%        3d10      1%          2
h - Jinxbite              Hex            74%        N/A       1%          2
i - Swiftness             Air            37%        N/A       1%          3
Your spell library was empty.

Dungeon Overview and Level Annotations

Branches:
Dungeon (8/15)             Temple (1/1) D:5
   Lair: D:8-11

Altars:
Ashenzari
Cheibriados
Dithmenos
Elyvilon
Fedhas
Gozag
Hepliaklqana
Makhleb
Nemelex Xobeh
Okawaru
Qazlal
Ru
Trog
Uskayaw
Wu Jian
Xom
Yredelemnul
Zin
The Shining One

Shops:
D:5 [

Annotations:
D:5 1 runed translucent door, Crazy Yiuf
D:8 1 transporter, Sapher's ghost, weakling SpDe


Innate Abilities, Weirdness & Mutations

You are immune to sickness and miasma.
You are immune to poison.
Your flesh is very heat resistant. (rF++)
You are vulnerable to cold. (rC-)
You float through the air rather than walking.
You learn spells naturally, not from books.
Your magical power is your life essence.
You have superior vitality. (+4 MHP)


Message History

The ogre is moderately wounded.
The ogre is engulfed in noxious fumes.
The ogre appears confused.
The ogre hits you with a +0 giant spiked club!
You puncture the ogre!
The ogre is heavily wounded.
Sapher's ghost is distracted by your dazzling golden aura.
Casting: Mephitic Cloud (safe; 1% risk of failure)
Confirm with . or Enter, or press ? or * to list all spells.
Aiming: Mephitic Cloud (safe; 1% risk of failure)
Press: ? - help, Shift-Dir - straight line, f - two-headed ogre
Aim: a two-headed ogre, wielding the +4 dire flail "Xukhleash" {flame, Str+2 Dex+4} and a +8 great mace (moderately wounded, chance to affect: 53%)
The ball explodes into a vile cloud!
The stinking cloud engulfs the two-headed ogre.
The two-headed ogre is moderately wounded.
The stinking cloud engulfs the ogre.
The ogre is heavily wounded.
The stinking cloud engulfs Sapher's ghost.
Sapher's ghost is no longer distracted by gold.
Sapher's ghost turns its malevolent gaze towards you.
The ogre is engulfed in noxious fumes.
The ogre appears confused.
The two-headed ogre is engulfed in noxious fumes.
The two-headed ogre appears confused.
Unknown command.
You puncture the two-headed ogre!
The two-headed ogre is heavily wounded.
The ogre is engulfed in noxious fumes.
The ogre appears confused.
The two-headed ogre is engulfed in noxious fumes.
The two-headed ogre hits you with the +4 dire flail "Xukhleash" {flame, Str+2 Dex+4}.
The two-headed ogre hits you with a +8 great mace!!
* * * LOW HITPOINT WARNING * * *
Unknown command.
You puncture the two-headed ogre!
The two-headed ogre writhes in agony.
The two-headed ogre is severely wounded.
Unknown command.
You puncture the two-headed ogre!
The two-headed ogre writhes in agony!
The two-headed ogre is almost dead.
The ogre is engulfed in noxious fumes.
The ogre appears confused.
The ogre hits you with a +0 giant spiked club!!
You die...
Your body crumbles into a pile of gold.

#.##...#.####)#########.#
#.##.................##.#
#.##..#[................#
#########.##..#######.##.###.####
..........##..........##.# #.#
############.###########.# #.# #
#############.###.# #
#©...○°$§...#..##.# #
#..##@OW##..#.....# #
#.#..#O#..#.#..#### #
#.#..#.#..#.#.## #
#..##...##..#.# #
##....$[$....#.# #
##############.# #
#.....©.©......# ########
#..............######
.......####..###..###.##......#


You could see a two-headed ogre (confused), an ogre (confused) and Sapher's
ghost.

Vanquished Creatures
  Pikel (D:8)
  Joseph (D:7)
  Psyche (D:8)
  Prince Ribbit (D:8)
  A wraith (D:8)
  2 steam dragons
  Menkaure (D:5)
  A water moccasin (D:6)
  2 ice beasts
  2 orc warriors
  2 ogres
  2 centaurs (D:8)
  3 lemures (D:8)
  A phantom (D:4)
  Blork the orc (D:5)
  3 kobold brigands
  4 bullfrogs
  3 scorpions (D:6)
  A gnoll sergeant (D:4)
  5 wights (D:8)
  3 howler monkeys
  2 bombardier beetles (D:5)
  4 jellies
  2 orc priests
  2 hounds (D:6)
  A sleepcap (D:5)
  3 iguanas
  Natasha (twice) (D:2)
  3 orc wizards
  8 gnolls
  8 adders
  A white imp (D:8)
  2 adder skeletons (D:2)
  5 dart slugs
  A ribbon worm (D:2)
  26 orcs
  6 bats
  A bat skeleton (D:2)
  A bat zombie (D:2)
  4 endoplasms
  3 giant cockroaches
  8 goblins
  5 hobgoblins
  4 jackals (D:3)
  5 quokkas
  8 ball pythons
  A ball python skeleton (D:2)
  A ball python zombie (D:2)
  3 frilled lizards
  29 kobolds
  6 rats
196 creatures vanquished.

Notes
Turn   | Place    | Note
-------+----------+-------------------------------------------
     0 | D:1      | Turgor the Djinni Hedge Wizard began the quest for the Orb.
     0 | D:1      | Turgor set off with the following spells memorised: Magic
                  | Dart, Slow, Blink, Call Imp, Mephitic Cloud.
     0 | D:1      | Reached XP level 1. HP: 15/15 MP: 0/0
   113 | D:1      | Reached XP level 2. HP: 5/22 MP: 0/0
   222 | D:1      | Reached skill level 1 in Fighting
   511 | D:1      | Reached XP level 3. HP: 26/27 MP: 0/0
   511 | D:1      | Learned a level 1 spell: Shock
  1535 | D:2      | Reached XP level 4. HP: 32/33 MP: 0/0
  1956 | D:2      | Noticed Natasha
  1970 | D:2      | Killed Natasha
  1971 | D:2      | Reached XP level 5. HP: 29/40 MP: 0/0
  1971 | D:2      | Learned a level 2 spell: Momentum Strike
  2029 | D:2      | Identified the +10 dagger of the Wolf {pain, Dex+3}
  2132 | D:2      | Noticed Natasha
  2136 | D:2      | Killed Natasha
  3541 | D:4      | Found a basalt altar of Yredelemnul.
  3644 | D:4      | Reached XP level 6. HP: 43/47 MP: 0/0
  3983 | D:4      | Reached XP level 7. HP: 49/53 MP: 0/0
  3983 | D:4      | Learned a level 2 spell: Jinxbite
  4036 | D:4      | Reached skill level 5 in Fighting
  4093 | D:4      | Found a glowing silver altar of Zin.
  4094 | D:4      | Found a stormy altar of Qazlal.
  4094 | D:4      | Found an ornate altar of the Wu Jian Council.
  4157 | D:4      | Reached skill level 5 in Spellcasting
  4157 | D:4      | Reached skill level 5 in Conjurations
  4157 | D:4      | Reached skill level 5 in Hexes
  4157 | D:4      | Reached skill level 5 in Summonings
  4157 | D:4      | Reached skill level 5 in Necromancy
  4157 | D:4      | Reached skill level 5 in Translocations
  4157 | D:4      | Reached skill level 5 in Fire Magic
  4157 | D:4      | Reached skill level 5 in Ice Magic
  4157 | D:4      | Reached skill level 5 in Air Magic
  4157 | D:4      | Reached skill level 5 in Earth Magic
  4157 | D:4      | Reached skill level 5 in Alchemy
  4456 | D:5      | Entered Level 5 of the Dungeon
  4631 | D:5      | Noticed Menkaure
  4692 | D:5      | Found a staircase to the Ecumenical Temple.
  4702 | Temple   | Entered the Ecumenical Temple
  4717 | Temple   | Became a worshipper of Gozag Ym Sagoz the Greedy
  4914 | D:5      | Reached skill level 1 in Short Blades
  5080 | D:5      | Killed Menkaure
  5081 | D:5      | Reached XP level 8. HP: 51/60 MP: 0/0
  5202 | D:5      | Found Movah's Armour Shop.
  5236 | D:5      | Noticed Blork the orc
  5241 | D:5      | Killed Blork the orc
  5577 | D:5      | Found a runed translucent door.
  5578 | D:5      | Noticed Crazy Yiuf
  5962 | D:6      | Reached XP level 9. HP: 56/67 MP: 0/0
  5962 | D:6      | Learned a level 3 spell: Swiftness
  6944 | D:7      | Reached skill level 1 in Armour
  7356 | D:7      | Noticed Joseph
  7372 | D:7      | Killed Joseph
  7373 | D:7      | Reached skill level 5 in Short Blades
  7574 | D:8      | Noticed Pikel
  7598 | D:8      | Killed Pikel
  7599 | D:8      | Reached XP level 10. HP: 51/75 MP: 0/0
  7784 | D:8      | Noticed Prince Ribbit
  7798 | D:8      | Killed Prince Ribbit
  8112 | D:8      | Identified 2 scrolls of acquirement
  8112 | D:8      | Acquired the +1 quick blade of Yliona Yteg {freeze, ^Contam
                  | rF+ rC+++}
  8131 | D:8      | Reached skill level 5 in Armour
  8279 | D:8      | Noticed Sapher's ghost (weakling SpDe)
  8280 | D:8      | Identified the +4 dire flail "Xukhleash" {flame, Str+2
                  | Dex+4}
  8280 | D:8      | Noticed a two-headed ogre
  8283 | D:8      | Found a transporter.
  8547 | D:8      | Noticed Psyche
  8550 | D:8      | Killed Psyche
  8723 | D:8      | Found a transporter.
  8747 | D:8      | Mangled by an ogre

Illustrated notes

Levels and vault maps discovered:
D:1:      erik_arrival_blinker_ship, layout_basic, serial_forest,
          infiniplex_forest_end_2, infiniplex_forest_end_3,
          infiniplex_forest_end_2, infiniplex_forest_clump_tiny,
          infiniplex_forest_straight_2, infiniplex_forest_lined_room_2,
          infiniplex_forest_end_2, infiniplex_forest_lined_3, nrook_mini_vaults,
          minmay_split_cup_large
D:2:      layout_loops_corners, nicolae_concentric_dashed_squares_mild,
          minmay_door_square, columned_hall_lemuel, chequers_big_river,
          dilly_guarded_unrand_morg
D:3:      layout_basic, serial_co_window_serial, co_window_corner_a,
          co_window_paths_a, co_window_corner_a, co_window_corner_a,
          co_window_corner_a, co_window_2corner, co_window_2corner,
          co_window_corner_cb, co_window_broadway_b, co_window_sun,
          glass_columns_a, glass_columns_a, glass_columns_a, grunt_decor_cap,
          minmay_quantized
D:4:      layout_basic, lemuel_coloured_pillars_altar,
          chequers_temple_overflow_statue_of_worship
D:5:      layout_loops_cross, minmay_temple_entry_mist, serial_shops, shop,
          uniq_menkaure, uniq_blork_the_orc, uniq_crazy_yiuf_cottage
D:6:      layout_loops_corners, kennysheep_generic_room_3
D:7:      layout_basic, nrook_uturn, uniq_joseph
D:8:      layout_loops_ring, gammafunk_ghost_smash, uniq_pikel, uniq_psyche,
          uniq_prince_ribbit1
Temple:   eino_narrow_crystal_temple

Skill      XL: |  1  2  3  4  5  6  7  8  9 10 |
---------------+-------------------------------+-----
Fighting       | 1 2 3 4 5 6 7 |  7.1
Spellcasting   | 4 5 6 7 |  7.7
Conjurations   | 4 5 6 7 |  7.7
Hexes          | 4 5 6 7 |  7.7
Summonings     | 4 5 6 7 |  7.7
Necromancy     | 4 5 6 7 |  7.7
Translocations | 4 5 6 7 |  7.7
Fire Magic     | 4 5 6 7 |  7.7
Ice Magic      | 4 5 6 7 |  7.7
Air Magic      | 4 5 6 7 |  7.7
Earth Magic    | 4 5 6 7 |  7.7
Alchemy        | 4 5 6 7 |  7.7
Short Blades   | 1 3 5 6 |  6.8
Armour         | 4 5 |  5.5
Dodging        | |  2.1
Stealth        | |  1.5

Action                     |  1- 3 |  4- 6 |  7- 9 | 10-12 || total
---------------------------+-------+-------+-------+-------++-------
  Melee: Dagger            |    17 |    56 |   156 |    69 ||   298
         Punch             |       |       |     1 |     2 ||     3
  Throw: Dart              |       |       |     6 |       ||     6
   Cast: Magic Dart        |    74 |    49 |    35 |     3 ||   161
         Shock             |     6 |    23 |    15 |    11 ||    55
         Mephitic Cloud    |       |     3 |    23 |     9 ||    35
         Slow              |       |       |     4 |       ||     4
         Call Imp          |       |       |     1 |     1 ||     2
         Jinxbite          |       |       |     1 |       ||     1
  Evoke: Wand              |       |       |       |     4 ||     4
    Use: Scroll            |       |     8 |     4 |     4 ||    16
         Potion            |       |     1 |       |       ||     1
   Stab: Confused          |       |       |    17 |     6 ||    23
         Sleeping          |       |       |     2 |       ||     2
 Armour: Robe              |     8 |    35 |    40 |       ||    83
         Ring mail         |       |       |    16 |    38 ||    54
  Dodge: Dodged            |    19 |    36 |    46 |    33 ||   134

Table legend: (Time is in decaauts)
 A = Elapsed time spent in this place.
 B = Non-inter-level travel time spent in this place.
 C = Inter-level travel time spent in this place.
 D = Time resting spent in this place.
 E = Time spent auto-exploring this place.
 F = Levels seen in this place.
 G = Mean time per level.
                   A        B        C        D        E       F      G
               +--------+--------+--------+--------+--------+-----+--------+
         Total |   8706 |   8374 |    332 |    210 |   6409 |   9 |  967.3 |
       Dungeon |   8666 |   8339 |    327 |    210 |   6409 |   8 | 1083.2 |
        Temple |     39 |     34 |      5 |      0 |      0 |   1 |   39.0 |
               +--------+--------+--------+--------+--------+-----+--------+

Top non-repeatable levels by time:
     D:1: 1334 daAuts
     D:6: 1205 daAuts
     D:8: 1177 daAuts
     D:3: 1162 daAuts
     D:4: 1089 daAuts
     D:5: 995 daAuts
     D:2: 987 daAuts
     D:7: 715 daAuts
  Temple: 39 daAuts
